 Dungeon Crawl Stone Soup version 0.23.2 (webtiles) character file.

Game seed: 6889386440808545841

1559 Borgoz the Cutter (level 8, -2/66 (67) HPs)
             Began as a Ghoul Assassin on Apr 5, 2019.
             Slain by an orc warrior
             ... wielding a cursed -3 war axe
              (19 damage)
             ... on level 7 of the Dungeon.
             The game lasted 00:12:16 (7059 turns).

Borgoz the Cutter (Ghoul Assassin)                  Turns: 7059, Time: 00:12:17

HP:   -2/66 (67)    AC: 15    Str: 20    XL:     8   Next: 89%
MP:   7/7           EV: 10    Int:  6    God:
Gold: 311           SH:  0    Dex: 12    Spells: 6/7 levels left

rFire    + . .     SeeInvis .   a - +2 rapier
rCold    + + .     Gourm    .   (no shield)
rNeg     + + +     Faith    .   t - +4 chain mail of Trog's Esteem {Str+5}
rPois    ∞         Spirit   .   (no helmet)
rElec    .         Reflect  .   k - scarf {rC+ rF+}
rCorr    .         Harm     .   (no gloves)
MR       .....                  (no boots)
Stlth    ..........             (no amulet)
HPRegen  0.00/turn              l - +2 ring of protection
MPRegen  0.10/turn              (no ring)

@: rotting
A: rotting body, claws 1, carnivore, cold resistance 1, negative energy
resistance 3, inhibited regeneration, torment resistance, unbreathing
a: no special abilities


You were on level 7 of the Dungeon.
You were not hungry.

You visited 1 branch of the dungeon, and saw 7 of its levels.
You also visited: Sewer.

You collected 311 gold pieces.

Inventory:

Hand Weapons
 a - a +2 rapier (weapon)
 b - a +0 blowgun
 r - a +2 dagger
Missiles
 e - a curare-tipped needle
 i - 3 silver tomahawks (quivered)
 n - 3 tomahawks
 q - 7 poisoned needles
 v - a steel tomahawk
Armour
 k - a scarf of resistance (worn)
 t - the +4 chain mail of Trog's Esteem (worn) {Str+5}
   (You found it on level 5 of the Dungeon)

   It affects your strength (+5).
Jewellery
 l - a +2 ring of protection (left claw)
 s - an uncursed ring of ice
Wands
 m - a wand of acid (10)
 p - a wand of flame (25)
 u - a wand of polymorph (6)
Scrolls
 c - 5 scrolls of teleportation
 d - a scroll of fog {unknown}
 f - 3 scrolls of blinking
 j - a scroll of noise {unknown}
 x - a scroll of enchant weapon
 y - a scroll of amnesia
Potions
 h - 2 potions of curing
 o - 2 potions of flight
 w - a potion of brilliance {unknown}
Comestibles
 g - 5 rations


   Skills:
 + Level 4.7 Fighting
 * Level 5.5 Short Blades
 - Level 1.7 Throwing
 * Level 5.0 Armour
 * Level 5.1 Dodging
 - Level 4.3 Stealth
 + Level 1.1 Hexes


You had 6 spell levels left.
You knew the following spells:

 Your Spells              Type           Power        Failure   Level  Hunger
a - Confusing Touch       Hex            #.....       96%         1    ##.....

Your spell library contained the following spells:

 Spells                   Type           Power        Failure   Level  Hunger
 Animate Skeleton         Necr           N/A          99%         1    ##.....
 Apportation              Tloc           #.....       99%         1    ##.....
 Pain                     Necr           #...         99%         1    ##.....
 Summon Small Mammal      Summ           #...         99%         1    ##.....
 Regeneration             Chrm/Necr      #.........   100%        3    ####...
 Vampiric Draining        Necr           #.........   100%        3    ####...
 Animate Dead             Necr           N/A          100%        4    #####..


Dungeon Overview and Level Annotations

Branches:
Dungeon (7/15)
 Temple: D:4-7

Altars:
Cheibriados
Dithmenos
Fedhas
Gozag
Kikubaaqudgha
Okawaru
Trog
Uskayaw
Vehumet
Wu Jian
Yredelemnul
Zin

Shops:
D:6 (


Innate Abilities, Weirdness & Mutations

Your body is rotting away.
You thrive on raw meat.
You are immune to poison.
You have sharp fingernails.
You are carnivorous and can eat meat at any time.
Your flesh is cold resistant. (rC+)
You are immune to negative energy. (rN+++)
You do not regenerate when monsters are visible.
You are immune to unholy pain and torment.
You can survive without breathing.


Message History

You are too injured to fight recklessly!
You are too injured to fight recklessly!
You are too injured to fight recklessly!
You are too injured to fight recklessly!
You are too injured to fight recklessly!
Things that are here:
a +0 dagger; a +0 leather armour; an orc corpse You butcher the orc corpse.
The orc warrior hits you with a cursed -3 war axe.
Items here: % ) [ ÷ a +0 dagger; a +0 leather armour; 2 chunks of flesh; an orc skeleton You hit the orc warrior but do no damage.
You closely miss the orc warrior.
The orc warrior hits you with a cursed -3 war axe.
* * * LOW HITPOINT WARNING * * *
You closely miss the orc warrior. The orc warrior closely misses you.
You hit the orc warrior.
The orc warrior is lightly wounded.
The orc warrior hits you with a cursed -3 war axe!!
You die...

#.#### #.... .#
#.#.# # ..
#...###$#
#.##......
......# #....#
#.o..#
#@#..####
.##.###.#......
.............##
###.###.######
... ##.## ..#
#.# ###


You could see an orc warrior.

Vanquished Creatures
  Sigmund (D:3)
  Edmund (D:3)
  3 sky beasts
  An ice beast (D:6)
  A centaur (D:6)
  2 bullfrogs (Sewer)
  2 crimson imps
  A centaur zombie (D:5)
  4 orc priests
  A bullfrog skeleton (D:4)
  A centaur skeleton (D:5)
  Jessica (D:3)
  An iguana (D:4)
  3 worker ants
  10 adders
  A river rat (D:5)
  10 oozes
  2 worms (D:3)
  6 dart slugs
  10 leopard geckos
  21 orcs
  8 bats
  16 giant cockroaches
  6 goblins
  5 hobgoblins
  4 jackals (D:1)
  3 quokkas
  9 ball pythons
  13 frilled lizards
  6 kobolds
  5 rats
158 creatures vanquished.

Notes
Turn   | Place    | Note
-------+----------+-------------------------------------------
     0 | D:1      | Borgoz the Ghoul Assassin began the quest for the Orb.
     0 | D:1      | Reached XP level 1. HP: 17/17 MP: 0/0
    70 | D:1      | Found a snail-covered altar of Cheibriados.
    74 | D:1      | Reached skill level 1 in Dodging
    92 | D:1      | Reached XP level 2. HP: 20/23 MP: 1/1
   165 | D:1      | Reached skill level 1 in Armour
   184 | D:1      | Reached XP level 3. HP: 16/30 MP: 2/2
  1596 | D:3      | Noticed Jessica
  1609 | D:3      | Killed Jessica
  1609 | D:3      | Reached XP level 4. HP: 30/37 MP: 3/3
  2002 | D:3      | Noticed Sigmund
  2028 | D:3      | Killed Sigmund
  2028 | D:3      | Reached XP level 5. HP: 34/45 MP: 4/4
  2028 | D:3      | Reached XP level 6. HP: 39/51 MP: 5/5
  2849 | D:4      | Noticed Edmund
  2945 | D:3      | Killed Edmund
  3228 | D:4      | Found a hide-covered altar of Uskayaw.
  3240 | D:4      | Found a radiant altar of Vehumet.
  3241 | D:4      | Found an iron altar of Okawaru.
  3242 | D:4      | Found an ancient bone altar of Kikubaaqudgha.
  3354 | D:4      | Reached XP level 7. HP: 13/52 MP: 6/6
  4507 | D:5      | Entered Level 5 of the Dungeon
  4735 | D:5      | Found a glowing drain.
  4795 | Sewer    | Entered a sewer
  5409 | Sewer    | Reached XP level 8. HP: 56/66 MP: 7/7
  5635 | D:5      | Got a translucent chain mail
  5769 | D:5      | Identified the +4 chain mail of Trog's Esteem {Str+5} (You
                  | found it on level 5 of the Dungeon)
  6066 | D:5      | Found an ornate altar of the Wu Jian Council.
  6066 | D:5      | Found a blossoming altar of Fedhas.
  6067 | D:5      | Found a shadowy altar of Dithmenos.
  6157 | D:5      | Found a bloodstained altar of Trog.
  6308 | D:6      | Found Qikhlerr's Antique Weapon Shop.
  6453 | D:6      | Reached skill level 5 in Short Blades
  6456 | D:6      | Learned a level 1 spell: Confusing Touch
  6478 | D:6      | Found a basalt altar of Yredelemnul.
  6955 | D:6      | Found a glowing silver altar of Zin.
  6955 | D:6      | Found an opulent altar of Gozag.
  7033 | D:7      | Reached skill level 5 in Dodging
  7033 | D:7      | Reached skill level 1 in Hexes
  7052 | D:7      | Reached skill level 5 in Armour
  7059 | D:7      | Slain by an orc warrior

Skill      XL: |  1  2  3  4  5  6  7  8 |
---------------+-------------------------+-----
Dodging        | 1 2 3 4 5 |  5.1
Short Blades   | 2 3 4 5 |  5.5
Armour         | 1 2 3 4 5 |  5.0
Fighting       | 3 4 |  4.7
Hexes          | 1 |  1.1
Throwing       | |  1.7
Stealth        | |  4.3

Action                   |  1- 3 |  4- 6 |  7- 9 || total
-------------------------+-------+-------+-------++-------
Melee: Dagger            |   147 |   196 |   130 ||   473
       Rapier            |       |       |   447 ||   447
 Fire: Blowgun           |       |    19 |     1 ||    20
  Use: Potion            |       |     6 |     1 ||     7
       Scroll            |       |       |    10 ||    10
 Stab: Sleeping          |    11 |       |     1 ||    12
  Eat: Chunk             |     7 |     1 |    20 ||    28
Armor: Robe              |    30 |    18 |       ||    48
       Ring mail         |       |    20 |    17 ||    37
       Scale mail        |       |       |   259 ||   259
       Chain mail        |       |       |    59 ||    59
Dodge: Dodged            |   108 |   119 |   382 ||   609
